 Dungeon Crawl Stone Soup version 0.15.2 (webtiles) character file.

77 Heini the Skirmisher (level 4, -1/42 HPs)
             Began as a Minotaur Fighter on Feb 8, 2015.
             Slain by an orc wizard
             ... wielding a +0 dagger
              (3 damage)
             ... on Level 3 of the Dungeon.
             The game lasted 00:02:55 (1630 turns).

Heini the Skirmisher (Minotaur Fighter)             Turns: 1630, Time: 00:02:55

HP  -1/42        AC  8     Str 22      XL: 4   Next: 14%
MP   2/2         EV  6     Int  5      God:
Gold 113         SH  9     Dex  9      Spells:  0 memorised,  3 levels left

rFire  . . .     SeeInvis .     a - +1 flail
rCold  . . .     Clarity  .     b - +0 scale mail
rNeg   . . .     rCorr    .     c - +0 shield
rPois  .         rRot     .     (helmet restricted)
rElec  .         Spirit   .     (no cloak)
SustAb .         Warding  .     s - +0 pair of gloves
rMut   .         Stasis   .     (no boots)
Gourm  .                        (no amulet)
MR     .....                    (no ring)
                                (no ring)

@: slowed, very slow, not resistant to hostile enchantments, extremely
unstealthy
A: retaliatory headbutt, horns 2
a: no special abilities


You were on level 3 of the Dungeon.
You were not hungry.

You visited 1 branch of the dungeon, and saw 3 of its levels.

You collected 113 gold pieces.

Inventory:

Hand weapons
 a - a +1 flail (weapon)
Armour
 b - a +0 scale mail (worn)
 c - a +0 shield (worn)
 s - a +0 pair of gloves (worn)
Magical devices
 r - a wand of slowing (24) {unknown}
Comestibles
 d - 3 bread rations
 f - a beef jerky
 g - a rotting chunk of jackal flesh
 h - 11 fruits
 l - a meat ration
 o - a royal jelly
Potions
 e - 2 potions of might
 i - a potion of restore abilities {unknown}
 j - a potion of berserk rage {unknown}
 k - a potion of experience {unknown}
 n - 3 potions of curing {unknown}
 q - 2 potions of confusion {unknown}
 t - 2 potions of magic {unknown}
 v - 2 potions of lignification {unknown}


   Skills:
 * Level 5.0 Fighting
 * Level 3.1 Maces & Flails
 * Level 4.4 Armour
 - Level 3.6 Shields


You had 3 spell levels left.
You didn't know any spells.

Dungeon Overview and Level Annotations

Branches:
Dungeon (3/15)

Altars:


Innate Abilities, Weirdness & Mutations

You reflexively headbutt those who attack you in melee.
You have a pair of horns on your head.


Message History

You feel as though you will be slow longer.
The orc priest invokes the aid of Beogh against you.
Something smites you!
You barely miss the orc wizard. You block the orc wizard's attack.
The orc priest's eyes start to glow.
The orc wizard gestures at you while chanting.
The magic dart hits you!
You closely miss the orc wizard.
The orc wizard points at you and mumbles some strange words.
The magic dart hits you! You block the goblin's attack.
The orc wizard hits you but does no damage.
The goblin hits you but does no damage.
The orc wizard hits you but does no damage.
The orc priest invokes the aid of Beogh against you.
Something smites you!
* * * LOW HITPOINT WARNING * * *
You block the goblin's attack.
You closely miss the orc wizard. You block the orc wizard's attack.
The orc wizard hits you with a dagger.
You die...

.## .# . ## ..
.. ..#.# . ..
#.#.# . ##.#.#
#.##....###
#.#........
#ogo....####
#@.........
##..?##### ##.##
... #.# #.# #.#
#.# #.# #.# #.#
### ###.#
#.###.######....
#.##.#.....#....


You could see an orc priest, an orc wizard and a goblin.

Vanquished Creatures
  An adder (D:2)
  2 worms
  2 giant geckos
  An ooze (D:1)
  2 orcs (D:3)
  A ball python (D:3)
  2 giant cockroaches (D:3)
  10 hobgoblins
  3 jackals (D:3)
  3 kobolds
  7 bats
  6 goblins
  6 rats
46 creatures vanquished.

Notes
Turn   | Place    | Note
--------------------------------------------------------------
     0 | D:1      | Heini, the Minotaur Fighter, began the quest for the Orb.
     0 | D:1      | Reached XP level 1. HP: 19/19 MP: 1/1
   149 | D:1      | Reached skill level 4 in Fighting
   149 | D:1      | Reached XP level 2. HP: 24/27 MP: 1/1
   784 | D:2      | Reached XP level 3. HP: 25/34 MP: 2/2
  1373 | D:3      | Reached skill level 5 in Fighting
  1374 | D:3      | Reached XP level 4. HP: 12/42 MP: 2/2
  1629 | D:3      | HP: 2/42 [orc priest/divine providence (14)]
  1630 | D:3      | Slain by an orc wizard

Action                   |  1- 3 |  4- 6 || total
-------------------------+-------+-------++-------
Melee: Flail             |    89 |    10 ||    99
  Use: Scroll            |     6 |     1 ||     7
  Eat: Chunk             |     1 |     1 ||     2
